Map: [ESL] Gresvan

Players

Solar - Winner!

  • Race: Zerg Zerg
  • League: Master
  • Spawn Location: 5:00

LiquidElazer (Elazer)

  • Race: Zerg Zerg
  • League: Master
  • Spawn Location: 11:00

Event: HomeStory Cup XXIII

VOD

Have the link to the VOD?

Description

Time

  • Played on: July 2, 2023, 2:41 p.m.
  • Length: 12:34

All games in this series

Show
View Real Time Build Order
Export as new Build Order

Solar Zerg - Winner!

Build Orders: Hatch First, Lurkers, Roach Hydra 

Get SALT Encoding   

  12  0:00  Drone  
  13  0:11  Overlord  
  13  0:16  Drone  
  14  0:30  Drone x2  
  16  0:48  Hatchery  
  15  0:51  Drone  
  15  0:53  Drone  
  15  0:56  Drone  
  18  1:07  Extractor  
  17  1:12  Spawning Pool  
  17  1:15  Drone  
  17  1:19  Drone  
  18  1:28  Drone  
  19  1:39  Drone  
  20  1:52  Drone  
  21  1:59  Queen x2  
  21  2:00  Zergling x2  
  21  2:01  Overlord  
  26  2:08  Metabolic Boost  
  26  2:10  Drone x2  
  28  2:21  Drone x2  
  30  2:32  Hatchery  
  29  2:39  Zergling x2  
  29  2:41  Queen  
  32  2:48  Baneling Nest  
  31  2:52  Drone  
  31  2:55  Overlord  
  31  2:58  Drone  
  33  3:01  Drone  
  33  3:02  Zergling x2  
  33  3:03  Drone  
  36  3:16  Drone, Zergling x4  
  36  3:17  Drone  
  40  3:20  Drone  
  40  3:21  Drone  
  40  3:26  Evolution Chamber  
  42  3:30  Overlord, Evolution Chamber  
  42  3:31  Drone x2  
  43  3:37  Drone, Baneling  
  44  3:43  Overlord  
  44  3:45  Drone  
  45  3:51  Zergling x4  
  47  3:57  Drone x6  
  47  4:02  Baneling  
  52  4:03  Zergling x2  
  52  4:07  Zergling x4  
  52  4:09  Baneling x2  
  55  4:14  Zergling x6  
  58  4:17  Overlord  
  58  4:20  Zergling x4  
  58  4:30  Zergling x10  
  58  4:39  Zergling x4  
  58  4:41  Zerg Missile Weapons Level 1  
  58  4:44  Zergling x2, Roach Warren  
  60  4:47  Overlord, Baneling  
  60  4:48  Drone  
  60  4:51  Drone  
  62  4:55  Extractor  
  62  4:56  Baneling  
  62  4:58  Extractor  
  57  5:00  Drone  
  57  5:01  Zergling x2  
  54  5:08  Drone  
  54  5:09  Zergling x2  
  54  5:13  Drone  
  54  5:14  Drone  
  57  5:15  Drone  
  57  5:20  Overlord  
  58  5:22  Overlord  
  58  5:23  Drone x2  
  58  5:25  Lair  
  58  5:26  Drone  
  58  5:27  Drone  
  62  5:29  Overlord  
  62  5:35  Drone x3  
  63  5:36  Drone x2  
  63  5:42  Baneling  
  66  5:44  Drone  
  66  5:45  Drone x2  
  66  5:48  Drone x3  
  66  5:49  Roach x2  
  76  5:51  Baneling x2  
  76  5:52  Roach  
  76  5:57  Overlord  
  78  6:00  Extractor, Drone x4  
  78  6:01  Extractor  
  78  6:04  Overlord  
  78  6:09  Roach  
  80  6:11  Drone  
  80  6:13  Overlord  
  80  6:15  Drone x4, Pneumatized Carapace  
  80  6:18  Extractor, Drone x2  
  86  6:21  Overlord  
  86  6:23  Drone  
  86  6:24  Glial Reconstitution  
  87  6:27  Drone  
  87  6:31  Overseer  
  87  6:32  Overseer  
  88  6:34  Overlord  
  88  6:36  Drone x2  
  88  6:39  Zerg Missile Weapons Level 2  
  90  6:40  Hatchery  
  90  6:42  Drone x3  
  92  6:47  Roach x2  
  92  6:49  Evolution Chamber  
  92  6:50  Roach  
  92  6:51  Roach  
  92  6:53  Roach x2  
  103  6:56  Roach  
  103  6:59  Roach x2  
  109  7:03  Overlord  
  109  7:06  Roach x3  
  115  7:10  Roach x2  
  115  7:13  Overlord  
  118  7:17  Zerg Ground Armor Level 1  
  118  7:22  Hydralisk Den  
  117  7:23  Overlord  
  117  7:24  Roach x3  
  123  7:31  Roach x5  
  123  7:34  Drone  
  123  7:35  Overlord  
  134  7:40  Drone  
  134  7:42  Spore Crawler  
  134  7:46  Overlord  
  134  7:48  Roach x4  
  137  7:52  Muscular Augments  
  137  7:54  Roach x4  
  144  8:05  Roach x6  
  155  8:07  Roach  
  155  8:08  Roach  
  155  8:12  Hydralisk x2  
  159  8:14  Hydralisk  
  159  8:17  Hydralisk x2  
  169  8:21  Overlord  
  169  8:22  Drone, Spore Crawler  
  169  8:24  Spore Crawler  
  169  8:25  Drone  
  167  8:29  Lurker Den  
  167  8:32  Hydralisk  
  167  8:33  Hydralisk x2  
  172  8:39  Spore Crawler  
  173  8:42  Overlord  
  173  8:44  Overlord  
  173  8:46  Hydralisk  
  175  8:51  Roach x2  
  161  9:04  Overlord  
  161  9:08  Hydralisk  
  161  9:09  Hydralisk x2  
  162  9:14  Drone x3  
  157  9:17  Drone  
  157  9:21  Hatchery  
  157  9:22  Queen  
  159  9:30  Lurker x3  
  162  9:31  Grooved Spines  
  162  9:34  Hydralisk  
  162  9:35  Hydralisk  
  162  9:37  Overlord  
  166  9:44  Roach  
  166  9:45  Roach x3, Extractor  
  173  9:53  Lurker x2  
  173  9:56  Drone x4  
  179  10:01  Infestation Pit  
  176  10:10  Roach x4  
  176  10:12  Overlord  
  178  10:22  Extractor  
  178  10:23  Overlord  
  178  10:24  Hatchery  
  174  10:33  Lurker x2  
  176  10:36  Overlord  
  176  10:37  Roach  
  176  10:39  Drone x3  
  176  10:40  Drone  
  182  10:43  Extractor  
  182  10:44  Extractor, Drone  
  182  10:45  Hydralisk  
  183  10:56  Spore Crawler  
  182  10:57  Roach x4  
  190  11:07  Hive  
  190  11:11  Hydralisk  
  188  11:25  Hydralisk x3  
  182  11:32  Roach x3  
  189  11:34  Roach  
  189  11:35  Roach  
  189  11:38  Roach x2  
  185  11:41  Roach  
  185  11:42  Roach  
  185  11:47  Roach x2  
  185  11:53  Roach x6  
  185  11:57  Swarm Host  
  185  12:01  Hydralisk x2  
  174  12:03  Roach  
  174  12:07  Roach x2  
Show
View Real Time Build Order
Export as new Build Order

LiquidElazer Zerg 

Build Orders: Hatch First, Zergling Baneling 

Get SALT Encoding   

  12  0:00  Drone  
  13  0:12  Overlord  
  13  0:17  Drone  
  14  0:31  Drone x2  
  16  0:48  Hatchery  
  15  0:51  Drone  
  15  0:55  Drone  
  17  0:58  Drone  
  18  1:10  Extractor  
  17  1:13  Spawning Pool  
  17  1:17  Drone  
  17  1:20  Drone  
  18  1:28  Drone  
  19  1:38  Drone  
  20  1:49  Drone  
  21  1:59  Queen  
  21  2:00  Queen, Zergling x2  
  21  2:01  Overlord  
  26  2:10  Metabolic Boost  
  26  2:11  Drone x2  
  28  2:23  Drone, Zergling x2  
  30  2:33  Hatchery  
  29  2:38  Drone  
  29  2:39  Drone  
  31  2:44  Drone  
  31  2:49  Baneling Nest  
  31  2:51  Overlord  
  31  2:53  Drone  
  32  2:59  Drone  
  32  3:04  Drone  
  32  3:05  Drone  
  35  3:08  Overlord  
  35  3:09  Drone  
  36  3:13  Zergling x4  
  36  3:17  Drone  
  36  3:19  Queen  
  39  3:25  Drone x2  
  39  3:27  Zergling x2  
  44  3:35  Zergling x4  
  44  3:41  Zergling x12  
  51  3:47  Overlord  
  52  3:49  Zergling x4  
  54  3:55  Baneling  
  54  3:56  Baneling  
  54  4:01  Drone x3  
  57  4:04  Drone  
  57  4:05  Baneling x2  
  57  4:08  Drone x2  
  57  4:09  Extractor  
  58  4:19  Overlord  
  58  4:20  Drone x3  
  58  4:21  Drone x5  
  58  4:39  Zergling x6  
  58  4:43  Extractor, Zergling x10  
  58  4:45  Baneling x2  
  65  4:46  Roach Warren  
  65  4:52  Queen x2  
  68  4:53  Baneling  
  68  4:54  Baneling  
  68  4:57  Zergling x12  
  70  5:00  Baneling x2  
  70  5:07  Overlord  
  67  5:11  Drone x7  
  72  5:16  Drone  
  72  5:22  Baneling x2  
  72  5:23  Overlord x2  
  72  5:26  Roach  
  74  5:29  Lair  
  74  5:31  Roach  
  74  5:32  Roach  
  74  5:33  Extractor  
  76  5:36  Roach  
  78  5:49  Drone x3  
  81  5:56  Drone  
  82  5:57  Drone  
  82  6:00  Drone x3  
  82  6:01  Drone x2  
  82  6:03  Drone x4  
  92  6:07  Drone x3  
  95  6:17  Extractor  
  93  6:20  Evolution Chamber  
  93  6:21  Extractor  
  93  6:22  Drone x3  
  94  6:26  Roach  
  94  6:27  Roach, Hatchery  
  94  6:29  Overlord x2  
  94  6:31  Drone  
  94  6:32  Spire  
  97  6:33  Overlord  
  97  6:34  Overlord  
  97  6:42  Overlord x3  
  97  6:47  Zerg Missile Weapons Level 1, Glial Reconstitution  
  97  6:50  Roach x4  
  97  6:53  Overlord  
  108  7:01  Roach x8  
  120  7:12  Overlord x2  
  120  7:13  Overlord  
  120  7:23  Roach x7  
  134  7:32  Roach x4  
  134  7:33  Roach  
  144  7:41  Overlord  
  144  7:42  Overlord  
  143  7:53  Mutalisk  
  143  7:54  Mutalisk x7  
  158  8:05  Drone x3  
  153  8:07  Roach  
  153  8:08  Roach x5  
  164  8:13  Roach x2  
  166  8:25  Roach x7  
  179  8:33  Baneling x4  
  178  8:35  Roach x5  
  178  8:39  Ravager  
  189  8:43  Roach x2  
  158  9:05  Roach x7  
  158  9:06  Roach x8  
  171  9:10  Roach x2  
  169  9:17  Roach x5  
  169  9:21  Roach  
  181  9:26  Ravager  
  181  9:29  Overlord  
  182  9:39  Zerg Missile Weapons Level 2  
  182  9:41  Roach x6  
  192  9:54  Roach x4  
  200  10:03  Infestation Pit  
  199  10:10  Pneumatized Carapace  
  199  10:12  Roach x6  
  199  10:14  Tunneling Claws  
  195  10:24  Extractor x2, Overseer  
  195  10:25  Overseer  
  187  10:30  Burrow  
  187  10:37  Roach, Ravager  
  187  10:38  Roach x3  
  187  10:39  Hatchery  
  195  10:46  Drone x5  
  200  10:59  Hive  
  200  11:02  Hydralisk Den  
  193  11:25  Roach x8  
  185  11:38  Roach x17  
  188  11:52  Roach x6  
  174  11:56  Roach  
  174  12:00  Roach x2  
  158  12:07  Roach x5  
  166  12:13  Overlord  
  166  12:14  Roach x2  
Tags
 
Add a new tag
Caveats
  • Supply blocks, unpowered buildings, or Contaminate may cause inaccurate times.
  • Supply counts are checked every 10 seconds.